 Dungeon Crawl Stone Soup version 0.23.2-11-gf996548 (webtiles) character file.

Game seed: 9323180852378486076

166 Fang the Skirmisher (level 5, -1/49 HPs)
             Began as a Gargoyle Berserker on June 6, 2019.
             Was a Believer of Trog.
             Slain by Duvessa
             ... wielding a +0 short sword
              (2 damage)
             ... on level 4 of the Dungeon.
             The game lasted 00:01:46 (1933 turns).

Fang the Skirmisher (Gargoyle Berserker)            Turns: 1933, Time: 00:01:47

Health: -1/49      AC: 15    Str: 27    XL:     5   Next: 47%
Magic:  5/5        EV:  9    Int:  7    God:    Trog [**....]
Gold:   147        SH:  0    Dex:  9    Spells: 4/4 levels left

rFire    . . .     SeeInvis .   a - +0 hand axe
rCold    . . .     Gourm    .   (no shield)
rNeg     + . .     Faith    .   b - +0 chain mail
rPois    ∞         Spirit   .   (no helmet)
rElec    +         Reflect  .   (no cloak)
rCorr    .         Harm     .   (no gloves)
MR       .....                  (no boots)
Stlth    ..........             (no amulet)
HPRegen  0.16/turn              r - +2 ring of protection
MPRegen  0.09/turn              (no ring)

@: berserking (expiring), glowing, very quick
A: negative energy resistance 1, electricity resistance, unbreathing,
petrification resistance, rot immunity, AC +4
a: Berserk, Trog's Hand, Renounce Religion


You were on level 4 of the Dungeon.
You worshipped Trog.
Trog was pleased with you.
You were very hungry.

You visited 1 branch of the dungeon, and saw 4 of its levels.

You collected 147 gold pieces.

Inventory:

Hand Weapons
 a - a +0 hand axe (weapon)
Armour
 b - a +0 chain mail (worn)
Jewellery
 r - a +2 ring of protection (left hand)
Scrolls
 d - 5 scrolls of identify {unknown}
 e - 2 scrolls of teleportation {unknown}
 f - 2 scrolls of fear {unknown}
 h - 4 scrolls of immolation {unknown}
 n - a scroll of noise {unknown}
 o - 4 scrolls of remove curse {unknown}
 t - a scroll of fog {unknown}
 u - a scroll of magic mapping {unknown}
Potions
 g - a potion of haste {unknown}
 i - 2 potions of brilliance {unknown}
 j - 2 potions of curing {unknown}
 k - a potion of magic {unknown}
 l - a potion of heal wounds {unknown}
 m - 2 potions of lignification {unknown}
 q - a potion of might {unknown}
 s - a potion of degeneration {unknown}
Comestibles
 c - 6 rations
 p - 3 chunks of flesh


   Skills:
 + Level 4.2 Fighting
 + Level 3.6 Axes
 + Level 3.4 Armour
 + Level 2.6 Dodging


You had 4 spell levels left.
You didn't know any spells.
Your spell library was empty.

Dungeon Overview and Level Annotations

Branches:
Dungeon (4/15)
 Temple: D:4-7

Altars:
Makhleb

Annotations:
D:4 Duvessa


Innate Abilities, Weirdness & Mutations

You are resistant to torment.
Your stone body is resilient. (AC +4)
You are immune to poison.
You resist negative energy. (rN+)
You are resistant to electric shocks. (rElec)
You can survive without breathing.
You are immune to petrification.
You are immune to rotting.


Message History

Some of the chunks of flesh in your inventory have rotted away.
You barely miss Duvessa.
Duvessa is lightly wounded.
Duvessa hits you with a +0 short sword.
* * * LOW HITPOINT WARNING * * *
You closely miss Duvessa.
Duvessa is lightly wounded.
Duvessa hits you but does no damage.
You hit Duvessa.
Duvessa is lightly wounded.
Duvessa hits you with a +0 short sword!
* * * LOW HITPOINT WARNING * * *
You slash Duvessa!
Duvessa is moderately wounded.
Duvessa hits you with a +0 short sword.
* * * LOW HITPOINT WARNING * * *
You closely miss Duvessa.
Duvessa is moderately wounded.
Duvessa hits you with a +0 short sword.
You die...

########
#......#
#......#
#...e..#
###..@)?.#
#.?......#
####.#......#
#...........#
#.##.########
........#
...##!### ...
...


You could see Duvessa (berserk).

Vanquished Creatures
  Dowan (D:4)
  An orc priest (D:3)
  2 adders
  A dart slug (D:3)
  3 leopard geckos
  3 orcs (D:3)
  4 bats
  4 giant cockroaches
  6 goblins
  11 hobgoblins
  3 jackals (D:3)
  5 kobolds
  A quokka (D:2)
  8 frilled lizards
  9 rats
62 creatures vanquished.

Notes
Turn   | Place    | Note
-------+----------+-------------------------------------------
     0 | D:1      | Fang the Gargoyle Berserker began the quest for the Orb.
     0 | D:1      | Reached XP level 1. HP: 14/14 MP: 1/1
   397 | D:1      | Reached XP level 2. HP: 19/19 MP: 2/2
   759 | D:2      | Reached XP level 3. HP: 21/23 MP: 3/3
   914 | D:2      | Reached ** piety under Trog
  1330 | D:3      | Reached XP level 4. HP: 27/29 MP: 4/4
  1380 | D:3      | Found a burning altar of Makhleb.
  1613 | D:3      | Reached skill level 4 in Fighting
  1732 | D:3      | Reached XP level 5. HP: 33/33 MP: 5/5
  1912 | D:4      | Noticed Duvessa
  1912 | D:4      | Noticed Dowan
  1926 | D:4      | Killed Dowan
  1932 | D:4      | HP: 1/49 [Duvessa/+0 short sword (5)]
  1933 | D:4      | Slain by Duvessa

Skill      XL: |  1  2  3  4 |
---------------+-------------+-----
Axes           | 3 |  3.6
Dodging        | 2 |  2.6
Armour         | 3 |  3.4
Fighting       | 4 |  4.2

Action                   |  1- 3 |  4- 6 || total
-------------------------+-------+-------++-------
Melee: Hand axe          |   132 |    76 ||   208
Invok: Berserk           |       |     1 ||     1
  Eat: Chunk             |     1 |     2 ||     3
Armor: Chain mail        |   108 |    66 ||   174
       Animal skin       |     4 |       ||     4
Dodge: Dodged            |    72 |    23 ||    95
